 Dungeon Crawl Stone Soup version 0.30-a0-878-gc727b3d3d6 (webtiles) character file.

Game seed: 11961517376054923931

1811 Cryptopotamus the Cleaver (level 9, -6/75 HPs)
             Began as a Hill Orc Fighter on Mar 12, 2023.
             Was a Follower of Okawaru.
             Killed by divine providence
             ... invoked by an orc priest
              (16 damage)
             ... on level 7 of the Dungeon.
             The game lasted 00:21:29 (6929 turns).

Cryptopotamus the Cleaver (Hill Orc Fighter)        Turns: 6929, Time: 00:21:29

Health: -6/75      AC: 14    Str: 23    XL:     9   Next: 10%
Magic:  9/9        EV:  5    Int:  8    God:    Okawaru [*.....]
Gold:   292        SH:  8    Dex: 10    Spells: 8/8 levels left

rFire   . . .      SeeInvis .    a - +0 war axe
rCold   . . .      Faith    .    b - +0 kite shield
rNeg    . . .      Spirit   .    h - +0 plate armour
rPois   .          Reflect  .    k - +0 helmet
rElec   .          Rampage  .    (no cloak)
rCorr   .                        w - +0 pair of gloves
Will    .....                    (no boots) Stlth
                                 (no amulet)
HPRegen 0.32/turn                (no ring)
MPRegen 0.11/turn                (no ring)

@: no status effects
A: no striking features
a: Renounce Religion, Convert to Beogh, Heroism


You were on level 7 of the Dungeon.
You worshipped Okawaru.
Okawaru was aware of your devotion.
You visited 2 branches of the dungeon, and saw 9 of its levels.

You collected 292 gold pieces.

Inventory:

Hand Weapons
 a - a +0 war axe (weapon)
Missiles
 g - 62 stones (quivered)
 l - 9 poisoned darts
 t - 4 atropa-tipped darts
 x - 4 boomerangs
 y - 2 throwing nets
Armour
 b - a +0 kite shield (worn)
 h - a +0 plate armour (worn)
 k - a +0 helmet (worn)
 w - a +0 pair of gloves (worn)
Wands
 q - a wand of flame (13)
Scrolls
 d - a scroll of poison {unknown}
 e - 3 scrolls of fear {unknown}
 f - 3 scrolls of fog {unknown}
 j - 4 scrolls of identify {unknown}
 n - 6 scrolls of teleportation {unknown}
 o - 2 scrolls of blinking {unknown}
 r - a scroll of vulnerability {unknown}
 u - a scroll of enchant weapon {unknown}
 v - 2 scrolls of amnesia {unknown}
 C - a scroll of immolation {unknown}
Potions
 c - a potion of flight {unknown}
 i - a potion of ambrosia {unknown}
 m - 3 potions of cancellation {unknown}
 p - 3 potions of berserk rage {unknown}
 s - a potion of heal wounds {unknown}
 z - a potion of curing {unknown}
 A - a potion of mutation {unknown}
 B - a potion of brilliance {unknown}


   Skills:
 - Level 5.6 Fighting
 * Level 12.5 Axes
 - Level 4.8 Armour
 - Level 1.1 Dodging
 - Level 0.2 Stealth
 - Level 5.1 Shields


You had 8 spell levels left.
You didn't know any spells.
Your spell library contained the following spells:

 Spells                   Type           Power      Damage    Failure   Level
 Magic Dart               Conj           0%         1d3       100%        1
 Blink                    Tloc           0%         N/A       100%        2
 Lesser Beckoning         Tloc           0%         N/A       100%        2
 Momentum Strike          Conj/Tloc      0%         3d8       100%        2
 Searing Ray              Conj           0%         2d4       100%        2
 Sublimation of Blood     Necr           0%         N/A       100%        2
 Wereblood                Tmut           0%         N/A       100%        2
 Ozocubu's Armour         Ice            0%         N/A       100%        3
 Fulminant Prism          Conj/Hex       0%         3d5       100%        4
 Alistair's Intoxication  Tmut/Pois      0%         N/A       100%        5
 Borgnjor's Vile Clutch   Necr/Erth      0%         N/A       100%        5
 Eringya's Noxious Bog    Tmut/Pois      0%         N/A       100%        6
 Ozocubu's Refrigeration  Ice            0%         4d7       100%        7
 Summon Hydra             Summ           Unusable   N/A       N/A         7

Dungeon Overview and Level Annotations

Branches:
Dungeon (8/15)             Temple (1/1) D:6
   Lair: D:8-11

Altars:
Ashenzari
Cheibriados
Dithmenos
Elyvilon
Fedhas
Gozag
Hepliaklqana
Kikubaaqudgha
Makhleb
Nemelex Xobeh
Okawaru
Ru
Sif Muna
Trog
Uskayaw
Vehumet
Wu Jian
Xom
Yredelemnul
Zin
The Shining One

Shops:
D:5 [

Annotations:
D:4 3 runed translucent doors, corax's ghost, weakling SpDe


Message History

The orc priest shouts, "Beogh is our master!
Accept the truth or die!"
You hit the orc warrior.
The orc warrior is lightly wounded.
An orc wizard comes into view. It is wielding a +0 dagger of venom.
The orc warrior hits you with a +1 scimitar of electrocution.
You barely miss the orc warrior.
The orc warrior is lightly wounded.
The orc wizard shouts!
The orc priest threatens, "By the altar or by the axe, you will meet Beogh!"
The orc warrior hits you with a +1 scimitar of electrocution!
The orc priest shouts, "Surrender to Beogh and we'll let you live!"
You hit the orc warrior but do no damage.
The orc warrior is lightly wounded.
The orc priest begins to cast a cantrip, but forgets the words!
The orc warrior hits you with a +1 scimitar of electrocution!
You closely miss the orc warrior.
The orc warrior is lightly wounded.
You barely miss the orc warrior.
The orc warrior is lightly wounded.
You closely miss the orc priest.
The orc priest calls upon Beogh to heal the orc warrior.
The orc warrior's wounds heal themselves!
The orc warrior hits you but does no damage.
You are electrocuted!
The orc priest barely misses you.
The orc wizard gestures at you while chanting.
The puff of flame hits you but does no damage.
The orc warrior hits you with a +1 scimitar of electrocution!
You climb upwards.
There is a stone staircase leading down here.
You closely miss the orc warrior. You hit the orc priest.
The orc warrior hits you with a +1 scimitar of electrocution.
You are electrocuted!
* * * LOW HITPOINT WARNING * * *
You block the orc priest's attack.
You barely miss the orc warrior. You closely miss the orc priest.
You block the orc warrior's attack.
The orc priest mumbles some strange prayers to Beogh against you.
Beogh smites you!
You die...

#### ### #..### ##### ##.#
###..## #...######..## ##....#
##....##.##...# #
##...#.####....####.#...####
##...###.##.....# ##..##....
##...## #........# #######..
##.#..# ###...oo.## ##..# ##.
#.##.####.....@..# ##...####..
####..##...#.....#
##.....##..#
###...###...#.###......#...#
##.## ##..#.......#.....##
#.####................###
#[.........#####.........
##.....#...######...#...#
##...###...............##
######....###...............##


You could see an orc warrior and an orc priest.

Vanquished Creatures
  A steam dragon (D:7)
  A water moccasin (D:5)
  2 black bears
  An ogre (D:6)
  A centaur (D:7)
  2 phantoms
  A bullfrog (D:7)
  2 kobold brigands (D:6)
  A scorpion (D:6)
  A howler monkey (D:6)
  3 hounds
  3 jellies
  4 orc priests
  A sleepcap (D:6)
  Terence (D:2)
  Jessica (D:2)
  An iguana (D:6)
  5 orc wizards
  Robin (D:1)
  8 adders
  A shadow imp (D:6)
  A white imp (D:5)
  3 ufetubi
  4 dart slugs
  27 orcs
  10 endoplasms
  2 giant cockroaches
  14 hobgoblins
  7 jackals
  3 quokkas
  4 ball pythons
  4 bats
  3 frilled lizards
  13 goblins
  11 kobolds
  2 rats (D:6)
  4 bushes (D:6)
154 creatures vanquished.

Vanquished Creatures (others)
  An orc wizard (D:5)
  7 plants (D:6)
8 creatures vanquished.

Grand Total: 162 creatures vanquished

Notes
Turn   | Place    | Note
-------+----------+-------------------------------------------
     0 | D:1      | Cryptopotamus the Hill Orc Fighter began the quest for the
                  | Orb.
     0 | D:1      | Reached XP level 1. HP: 19/19 MP: 1/1
   390 | D:1      | Reached skill level 3 in Axes
   390 | D:1      | Reached XP level 2. HP: 25/27 MP: 2/2
  1068 | D:2      | Reached XP level 3. HP: 32/33 MP: 3/3
  1120 | D:2      | Noticed Jessica
  1123 | D:2      | Killed Jessica
  1180 | D:2      | Noticed Terence
  1199 | D:2      | Killed Terence
  1200 | D:2      | Reached skill level 4 in Axes
  1200 | D:2      | Reached XP level 4. HP: 24/40 MP: 4/4
  1296 | D:2      | Noticed Robin
  1366 | D:1      | Killed Robin
  1444 | D:2      | Reached XP level 5. HP: 47/47 MP: 5/5
  1743 | D:3      | Reached skill level 5 in Axes
  1894 | D:3      | Noticed a phantom
  1927 | D:3      | Killed a phantom
  2072 | D:3      | Reached XP level 6. HP: 32/55 MP: 6/6
  2283 | D:3      | Reached skill level 6 in Axes
  2408 | D:4      | Reached skill level 1 in Dodging
  2633 | D:4      | Noticed a black bear
  2811 | D:4      | Found a runed translucent gate.
  2811 | D:4      | Found a runed translucent gate.
  2811 | D:4      | Found a runed translucent gate.
  2814 | D:4      | Noticed corax's ghost (weakling SpDe)
  2976 | D:4      | Killed a black bear
  2977 | D:4      | Reached skill level 5 in Fighting
  3130 | D:4      | Reached XP level 7. HP: 61/61 MP: 7/7
  3265 | D:5      | Entered Level 5 of the Dungeon
  3321 | D:5      | Reached skill level 7 in Axes
  3343 | D:5      | Found Zowkyab's Armour Shoppe.
  3740 | D:5      | Reached skill level 8 in Axes
  3740 | D:5      | Reached skill level 5 in Shields
  3742 | D:5      | Reached XP level 8. HP: 47/69 MP: 8/8
  4083 | D:6      | Reached skill level 9 in Axes
  4268 | D:6      | Found a staircase to the Ecumenical Temple.
  4274 | Temple   | Entered the Ecumenical Temple
  4476 | Temple   | Became a worshipper of Warmaster Okawaru
  4786 | D:6      | Reached skill level 10 in Axes
  5008 | D:6      | Found a broken altar of Ashenzari.
  5252 | D:6      | Reached skill level 11 in Axes
  5653 | D:7      | Reached * piety under Okawaru
  5746 | D:7      | Found an ornate altar of the Wu Jian Council.
  5747 | D:7      | Found a basalt altar of Yredelemnul.
  5747 | D:7      | Found a sacrificial altar of Ru.
  5747 | D:7      | Found a glowing silver altar of Zin.
  5748 | D:7      | Found a radiant altar of Vehumet.
  5748 | D:7      | Found a sparkling altar of Nemelex Xobeh.
  5748 | D:7      | Found a glowing golden altar of the Shining One.
  5748 | D:7      | Found a blossoming altar of Fedhas.
  5749 | D:7      | Found a shimmering blue altar of Sif Muna.
  5750 | D:7      | Found a snail-covered altar of Cheibriados.
  5750 | D:7      | Found a hide-covered altar of Uskayaw.
  5787 | D:7      | Reached skill level 12 in Axes
  5787 | D:7      | Reached XP level 9. HP: 73/75 MP: 9/9
  6929 | D:7      | Killed from afar by an orc priest

Illustrated notes

Levels and vault maps discovered:
D:1:      giann_wishing_wells, layout_loops_corners
D:2:      layout_basic, uniq_jessica, uniq_terence, uniq_robin
D:3:      layout_rooms
D:4:      layout_cave_pods, gammafunk_ghost_split
D:5:      layout_cave_pools, serial_shops, shop
D:6:      layout_loops_cross, evilmike_ruin_ashenzari,
          minmay_temple_entry_sparse_star, st_stairs_4, lexackson_kobold_supper
D:7:      layout_layer_cave, nicolae_overflows_in_rows
D:8:      layout_basic, mainiacjoe_overflow_alcove_1, serial_glass,
          glass_columns_c, glass_columns_b, uniq_maggie, uniq_gastronok
Temple:   grunt_temple_mini_profane

Skill      XL: |  1  2  3  4  5  6  7  8 |
---------------+-------------------------+-----
Axes           | 3 4 5 6 8 12 | 12.5
Fighting       | 4 5 |  5.6
Armour         | 4 |  4.8
Shields        | 4 5 |  5.1
Dodging        | 1 |  1.1
Stealth        | |  0.2

Action                     |  1- 3 |  4- 6 |  7- 9 || total
---------------------------+-------+-------+-------++-------
  Melee: War axe           |    78 |   175 |   304 ||   557
    Use: Potion            |       |     1 |       ||     1
 Armour: Scale mail        |     8 |       |       ||     8
         Plate armour      |    35 |   125 |   150 ||   310
  Dodge: Dodged            |    24 |    40 |    43 ||   107
  Block: Buckler           |     7 |       |       ||     7
         Kite shield       |    14 |    77 |    94 ||   185

Table legend: (Time is in decaauts)
 A = Elapsed time spent in this place.
 B = Non-inter-level travel time spent in this place.
 C = Inter-level travel time spent in this place.
 D = Time resting spent in this place.
 E = Time spent auto-exploring this place.
 F = Levels seen in this place.
 G = Mean time per level.
                   A        B        C        D        E       F      G
               +--------+--------+--------+--------+--------+-----+--------+
         Total |   7091 |   6820 |    271 |    729 |   4296 |   9 |  787.9 |
       Dungeon |   6872 |   6614 |    258 |    729 |   4127 |   8 |  859.0 |
        Temple |    218 |    205 |     13 |      0 |    169 |   1 |  218.0 |
               +--------+--------+--------+--------+--------+-----+--------+

Top non-repeatable levels by time:
     D:6: 1385 daAuts
     D:7: 1273 daAuts
     D:1: 1110 daAuts
     D:4: 959 daAuts
     D:2: 777 daAuts
     D:5: 743 daAuts
     D:3: 608 daAuts
  Temple: 218 daAuts
     D:8: 12 daAuts
